 Dungeon Crawl Stone Soup version 0.18.1-5-g4a78601 (webtiles) character file.

1388 epen the Cutter (level 9, -2/54 HPs)
             Began as a Kobold Berserker on May 13, 2016.
             Was a Priest of Trog.
             Slain by a decayed bog body (17 damage)
             ... in an ossuary.
             The game lasted 00:12:00 (5052 turns).

epen the Cutter (Kobold Berserker)                  Turns: 5052, Time: 00:12:01

Health: -2/54      AC:  5    Str: 15    XL:     9   Next: 0%
Magic:  18/18      EV: 21    Int:  5    God:    Trog [***...]
Gold:   279        SH:  0    Dex: 19    Spells: 0 memorised, 8 levels left

rFire  . . .     SeeInvis .     a - +0 short sword
rCold  . . .     Gourm    .     q - +0 leather armour
rNeg   . . .     Faith    .     (shield restricted)
rPois  .         Spirit   .     (no helmet)
rElec  .         Dismiss  .     (no cloak)
rCorr  .         Reflect  .     C - +0 pair of gloves
SustAt .         Harm     .     B - +0 pair of boots
MR     .....                    k - amulet of magic regeneration
Stlth  +++.......               o - +2 ring of evasion
                                h - ring of magical power

@: not resistant to hostile enchantments, fairly stealthy
A: carnivore 3
a: Berserk, Trog's Hand, Burn Spellbooks, Renounce Religion


You were in an ossuary.
You worshipped Trog.
Trog was most pleased with you.
You were full.

You visited 1 branch of the dungeon, and saw 5 of its levels.
You also visited: Ossuary.

You collected 279 gold pieces.

Inventory:

Hand Weapons
 a - a +0 short sword (weapon)
 u - a +0 blowgun
Missiles
 s - 4 curare-tipped needles
 t - 18 poisoned needles
Armour
 b - a +0 animal skin
 q - a +0 leather armour (worn)
 B - a +0 pair of boots (worn)
 C - a +0 pair of gloves (worn)
Jewellery
 h - a ring of magical power (left hand)
 i - an uncursed ring of flight
 k - an amulet of magic regeneration (around neck)
 o - a +2 ring of evasion (right hand)
Wands
 y - a wand of flame (5/48)
Scrolls
 j - 11 scrolls of identify {unknown}
 l - a scroll of random uselessness {unknown}
 n - 3 scrolls of teleportation {unknown}
 p - a scroll of magic mapping {unknown}
 r - a scroll of recharging {unknown}
 w - 2 scrolls of enchant weapon {unknown}
 x - a scroll of amnesia {unknown}
 A - a scroll of fog {unknown}
Potions
 e - a potion of might {unknown}
 g - 3 potions of cure mutation {unknown}
 m - a potion of haste {unknown}
 v - a potion of curing {unknown}
 z - a potion of heal wounds {unknown}
Comestibles
 c - a meat ration
 d - 2 beef jerkies
 f - a royal jelly
 D - a slice of pizza


   Skills:
 + Level 5.0 Fighting
 * Level 7.7 Short Blades
 + Level 3.2 Throwing
 + Level 3.6 Armour
 * Level 6.5 Dodging
 + Level 5.6 Stealth


You had 8 spell levels left.
You didn't know any spells.

Dungeon Overview and Level Annotations

Branches:
Dungeon (5/15)
 Temple: D:4-7

Altars:
Dithmenos
Elyvilon
Okawaru
Trog
Xom
Zin

Shops:
D:5 %


Innate Abilities, Weirdness & Mutations

You are small and have problems with some larger weapons.
You are carnivorous and can eat meat at any time.


Message History

You hit the decayed bog body.
The decayed bog body is heavily damaged.
The decayed bog body completely misses you.
The decayed bog body touches you but does no damage.
You hit the decayed bog body.
The decayed bog body is severely damaged.
You barely miss the decayed bog body.
The decayed bog body is severely damaged.
The decayed bog body hits you! The decayed bog body misses you.
You barely miss the decayed bog body.
The decayed bog body is severely damaged.
The decayed bog body casts a spell at you.
The puff of frost hits you!
* * * LOW HITPOINT WARNING * * *
You hit the decayed bog body.
The decayed bog body is almost destroyed.
You closely miss the decayed bog body.
The decayed bog body is almost destroyed.
The decayed bog body hits you!
You die...

##### #..∩#
#.∩.# #..@#
##n##
#...≈≈Z≈.≈....
#≈≈≈.≈.#≈#'#'#'
#≈##.≈. .≈ #
#≈≈≈# ≈≈# #≈##
### ##


You could see a decayed bog body and a centaur zombie.

Vanquished Creatures
  The ghost of epen the Ducker, a novice HaGl (D:4)
  Menkaure (D:4)
  A phantom (D:4)
  A water moccasin zombie (Ossuary)
  A scorpion (D:5)
  A howler monkey (D:4)
  3 bog bodies (Ossuary)
  A giant frog zombie (Ossuary)
  2 centaur zombies (Ossuary)
  2 orc priests (D:4)
  A gnoll shaman (D:4)
  2 iguanas (D:4)
  An orc wizard (D:4)
  2 killer bee zombies (Ossuary)
  A hound zombie (Ossuary)
  5 mummies (Ossuary)
  2 howler monkey zombies (Ossuary)
  A worker ant zombie (Ossuary)
  8 gnolls
  5 adders
  4 oozes
  2 adder zombies
  3 worms
  A dart slug (D:2)
  2 giant geckos
  12 orcs
  A ball python (D:4)
  3 giant cockroaches
  6 goblins
  9 hobgoblins
  6 jackals
  2 quokkas (D:3)
  9 bats
  8 giant newts
  A jackal zombie (Ossuary)
  6 kobolds
  6 rats
123 creatures vanquished.

Vanquished Creatures (others)
  A withered plant (Ossuary)
1 creature vanquished.

Grand Total: 124 creatures vanquished

Notes
Turn   | Place    | Note
--------------------------------------------------------------
     0 | D:1      | epen the Kobold Berserker began the quest for the Orb.
     0 | D:1      | Reached XP level 1. HP: 14/14 MP: 1/1
   157 | D:1      | Reached XP level 2. HP: 19/19 MP: 2/2
   163 | D:1      | Reached skill level 1 in Stealth
   439 | D:1      | Reached XP level 3. HP: 17/23 MP: 3/3
   505 | D:1      | Reached ** piety under Trog
  1092 | D:2      | Reached XP level 4. HP: 14/28 MP: 4/4
  1283 | D:2      | Found a shimmering altar of Xom.
  1720 | D:3      | Found a bloodstained altar of Trog.
  1988 | D:3      | Reached *** piety under Trog
  2049 | D:3      | Found a shadowy altar of Dithmenos.
  2202 | D:3      | Reached XP level 5. HP: 28/33 MP: 5/5
  2461 | D:4      | Reached skill level 5 in Short Blades
  2480 | D:4      | Reached skill level 1 in Throwing
  2656 | D:4      | Noticed epen's ghost (novice HaGl)
  2680 | D:4      | Killed epen's ghost
  2680 | D:4      | Reached XP level 6. HP: 28/38 MP: 6/6
  2680 | D:4      | Reached XP level 7. HP: 31/43 MP: 7/7
  2919 | D:4      | Noticed Menkaure
  2934 | D:4      | Killed Menkaure
  2934 | D:4      | Reached skill level 6 in Short Blades
  2934 | D:4      | Reached skill level 5 in Dodging
  2973 | D:4      | Found an iron altar of Okawaru.
  2977 | D:4      | Found a glowing silver altar of Zin.
  3727 | D:4      | Found a white marble altar of Elyvilon.
  3843 | D:4      | Reached XP level 8. HP: 7/48 MP: 8/8
  4270 | D:5      | Entered Level 5 of the Dungeon
  4466 | D:5      | Found Cuohio Agou's Food Shop.
  4489 | D:5      | Found a sand-covered staircase.
  4499 | Ossuary  | Entered an ossuary
  4511 | Ossuary  | Reached skill level 7 in Short Blades
  4516 | Ossuary  | Reached skill level 5 in Stealth
  5022 | Ossuary  | Reached skill level 5 in Fighting
  5042 | Ossuary  | Reached XP level 9. HP: 32/54 MP: 9/9
  5052 | Ossuary  | Slain by a decayed bog body

Skill      XL: |  1  2  3  4  5  6  7  8 |
---------------+-------------------------+-----
Stealth        | 1 2 3 4 5 |  5.6
Armour         | 2 3 |  3.6
Dodging        | 3 4 5 6 |  6.5
Short Blades   | 5 6 7 |  7.7
Throwing       | 1 2 3 |  3.2
Fighting       | 4 5 |  5.0

Action                   |  1- 3 |  4- 6 |  7- 9 || total
-------------------------+-------+-------+-------++-------
Melee: Short sword       |   103 |   175 |   456 ||   734
 Fire: Blowgun           |       |       |     3 ||     3
Invok: Berserk           |       |     2 |     5 ||     7
       Trog's Hand       |       |     1 |     7 ||     8
Evoke: Wand              |       |       |     3 ||     3
 Stab: Sleeping          |     4 |     5 |     6 ||    15
  Eat: Chunk             |     8 |     7 |    12 ||    27
Armor: Animal skin       |    16 |     8 |       ||    24
       Leather armour    |       |    10 |    38 ||    48
Dodge: Dodged            |    66 |   105 |   241 ||   412
